 Dungeon Crawl Stone Soup version 0.23.0-3-gf3c87f2 (webtiles) character file.

Game seed: 5265794118373478931

83 misha the Poker (level 4, 0/37 HPs)
             Began as a Merfolk Gladiator on Feb 22, 2019.
             Succumbed to an adder's poison
             ... on level 3 of the Dungeon.
             The game lasted 00:05:29 (1570 turns).

misha the Poker (Merfolk Gladiator)                 Turns: 1570, Time: 00:05:30

Health: 0/37       AC:  4    Str: 15    XL:     4   Next: 44%
Magic:  4/4        EV: 14    Int:  7    God:
Gold:   93         SH:  0    Dex: 15    Spells: 3/3 levels left

rFire    . . .     SeeInvis .   b - +2 short sword (venom)
rCold    . . .     Gourm    .   (no shield)
rNeg     . . .     Faith    .   s - +0 leather armour
rPois    .         Spirit   .   c - +0 helmet
rElec    .         Reflect  .   (no cloak)
rCorr    .         Harm     .   (no gloves)
MR       .....                  (no boots)
Stlth    +.........             (no amulet)
HPRegen  0.12/turn              (no ring)
MPRegen  0.09/turn              (no ring)

@: lethally poisoned (0 -> -2)
A: change form in water, swift swim, stealthy swim
a: no special abilities


You were on level 3 of the Dungeon.
You were not hungry.

You visited 1 branch of the dungeon, and saw 3 of its levels.

You collected 93 gold pieces.

Inventory:

Hand Weapons
 a - a +0 trident
 b - a +2 short sword of venom (weapon)
Missiles
 d - 3 throwing nets (quivered)
 l - 60 stones
 m - 44 bolts
 n - 21 sling bullets
 t - 48 arrows
Armour
 c - a +0 helmet (worn)
 s - a +0 leather armour (worn)
Jewellery
 q - an uncursed ring of ice
Scrolls
 g - a scroll of remove curse
 o - 2 scrolls of fear
 r - 3 scrolls of teleportation {unknown}
Potions
 e - a potion of mutation {unknown}
 j - a potion of curing {unknown}
 p - a potion of flight {unknown}
Comestibles
 f - 2 rations


   Skills:
 - Level 3.6 Fighting
 * Level 1.1 Short Blades
 + Level 5.9 Polearms
 - Level 2.0 Throwing
 - Level 4.1 Dodging


You had 3 spell levels left.
You didn't know any spells.
Your spell library was empty.

Dungeon Overview and Level Annotations

Branches:
Dungeon (3/15)

Altars:


Message History

The adder skeleton bites you but does no damage.
As you read the scroll labeled KAOQUV NEOX, it crumbles to dust.
You assume a fearsome visage.
The adder skeleton is unaffected.
The adder looks frightened!
The dart slug looks frightened!
It was a scroll of fear.
You hear the slow rusting of a drain nearby.
The adder skeleton misses you.
Unknown command.
* * * LOW HITPOINT WARNING * * *
You feel sick.
You are too injured to fight recklessly!
You are too injured to fight recklessly!
You are too injured to fight recklessly!
You are too injured to fight recklessly!
You are too injured to fight recklessly!
You barely miss the adder skeleton.
The adder skeleton bites you but does no damage.
You hit the adder skeleton.
The adder skeleton is lightly damaged.
You die...

##.####.......#
#..S....######
####w##....#
......#....#
.........###
.........#####.
............>..
####...Z#####[#
#....?.@#
#.......#
#.......#
#.......#
#........
######[## #. #.


You could see an adder (fleeing), a dart slug (fleeing) and an adder skeleton.

Vanquished Creatures
  2 adders (D:2)
  A gnoll (D:1)
  An ooze (D:3)
  A worm (D:2)
  3 dart slugs (D:1)
  A leopard gecko (D:2)
  An orc (D:2)
  2 giant cockroaches
  6 goblins
  6 hobgoblins
  A quokka (D:2)
  A ball python (D:2)
  3 bats (D:2)
  3 frilled lizards
  7 kobolds
  2 rats
41 creatures vanquished.

Notes
Turn   | Place    | Note
-------+----------+-------------------------------------------
     0 | D:1      | misha the Merfolk Gladiator began the quest for the Orb.
     0 | D:1      | Reached XP level 1. HP: 16/16 MP: 1/1
   122 | D:1      | Reached XP level 2. HP: 19/23 MP: 2/2
   291 | D:1      | Reached skill level 5 in Polearms
   411 | D:1      | Reached XP level 3. HP: 29/29 MP: 3/3
   845 | D:2      | Reached XP level 4. HP: 36/36 MP: 4/4
  1471 | D:2      | Reached skill level 1 in Short Blades
  1564 | D:3      | HP: 1/37 [poisoned by an adder]
  1570 | D:3      | Succumbed to an adder's poison

Skill      XL: |  1  2  3  4 |
---------------+-------------+-----
Fighting       | 3 |  3.6
Polearms       | 5 |  5.9
Short Blades   | 1 |  1.1
Throwing       | |  2.0
Dodging        | |  4.1

Action                   |  1- 3 |  4- 6 || total
-------------------------+-------+-------++-------
Melee: Trident           |    92 |     9 ||   101
       Short sword       |       |    23 ||    23
  Use: Scroll            |       |     5 ||     5
 Stab: Sleeping          |     1 |     1 ||     2
  Eat: Chunk             |       |     2 ||     2
Armor: Leather armour    |    12 |    14 ||    26
Dodge: Dodged            |    42 |    50 ||    92
